 Dungeon Crawl Stone Soup version 0.23.2-40-g277498a (webtiles) character file.

Game seed: 12139348813807848754

99 Kurtz the Cudgeler (level 4, 0/35 HPs)
             Began as a Mummy Chaos Knight on Sept 29, 2019.
             Was a Plaything of Xom.
             Slain by a goblin (1 damage)
             ... led by Robin
             ... on level 2 of the Dungeon.
             The game lasted 00:01:24 (1003 turns).

Kurtz the Cudgeler (Mummy Chaos Knight)             Turns: 1003, Time: 00:01:25

Health: 0/35       AC:  5    Str: 15    XL:     4   Next: 45%
Magic:  4/4        EV: 11    Int: 11    God:    Xom [..*...]
Gold:   33         SH:  0    Dex: 15    Spells: 3/3 levels left

rFire    x . .     SeeInvis .   a - +0 mace (chaos)
rCold    + . .     Gourm    .   (no shield)
rNeg     + + +     Faith    .   b - +2 leather armour
rPois    ∞         Spirit   .   (no helmet)
rElec    .         Reflect  .   (no cloak)
rCorr    .         Harm     .   (no gloves)
MR       .....                  (no boots)
Stlth    +.........             (no amulet)
HPRegen  0.11/turn              f - +3 ring of dexterity
MPRegen  0.09/turn              (no ring)

@: no status effects
A: no food or potions, fire vulnerability, cold resistance 1, negative energy
resistance 3, torment resistance, unbreathing
a: Renounce Religion


You were on level 2 of the Dungeon.
You worshipped Xom.
You were a toy of Xom.
You were not hungry.

You visited 1 branch of the dungeon, and saw 2 of its levels.

You collected 33 gold pieces.

Inventory:

Hand Weapons
 a - a +0 mace of chaos (weapon)
Armour
 b - a +2 leather armour (worn)
Jewellery
 f - a +3 ring of dexterity (left hand)
Scrolls
 c - a scroll of remove curse {unknown}
 d - 3 scrolls of identify {unknown}
 e - a scroll of immolation {unknown}


   Skills:
 - Level 3.0 Fighting
 * Level 4.4 Maces & Flails
 - Level 1.5 Armour
 - Level 0.7 Dodging


You had 3 spell levels left.
You didn't know any spells.
Your spell library was empty.

Dungeon Overview and Level Annotations

Branches:
Dungeon (2/15)

Altars:

Annotations:
D:2 Robin


Innate Abilities, Weirdness & Mutations

You do not eat or drink.
Your flesh is vulnerable to fire.
You are immune to poison.
Your flesh is cold resistant. (rC+)
You are immune to negative energy. (rN+++)
You are immune to unholy pain and torment.
You can survive without breathing.


Message History

You hit Robin.
Robin is poisoned.
Robin is moderately wounded.
The goblin hits you but does no damage. The goblin closely misses you.
Robin hits you but does no damage.
You hit Robin.
Robin flickers and vanishes!
Deactivating autopickup; reactivate with Ctrl-A.
The goblin barely misses you. The goblin hits you with a +0 dagger.
* * * LOW HITPOINT WARNING * * *
Something completely misses you.
Unknown command.
You closely miss something. The goblin barely misses you.
The goblin hits you with a +0 dagger.
* * * LOW HITPOINT WARNING * * *
Something hits you but does no damage. The goblin misses you.
Unknown command.
Your leather armour prevents you from hitting something.
The goblin hits you but does no damage. Something hits you.
* * * LOW HITPOINT WARNING * * *
The goblin hits you.
You die...

#.# ##.#.# #.# #. #.#
####....#####.# #. #.#
#...........#.# #.#
#.##....###.#.###.
#####.###.###.............
###...............###.#.####
...?........####### #.#.#
.(........gg# #.#.#
###.###.###@# #.#!# #.###.#
#{# #.#.# ####....)###.#
.>#.# ...$(...gg...# ## .#
#######.#.####
gggg.g.........
#######..#####. .....
###...#


You could see 2 goblins.

Vanquished Creatures
  A hound (D:2)
  2 adders (D:2)
  A gnoll (D:1)
  2 oozes (D:1)
  2 dart slugs (D:1)
  2 giant cockroaches
  7 goblins
  2 hobgoblins (D:1)
  5 kobolds (D:1)
  A ball python (D:1)
  3 bats (D:1)
  2 frilled lizards (D:1)
  A rat (D:2)
31 creatures vanquished.

Notes
Turn   | Place    | Note
-------+----------+-------------------------------------------
     0 | D:1      | Kurtz the Mummy Chaos Knight began the quest for the Orb.
     0 | D:1      | Reached XP level 1. HP: 18/18 MP: 1/1
    67 | D:1      | Reached skill level 3 in Maces & Flails
    67 | D:1      | Reached XP level 2. HP: 18/24 MP: 2/2
   438 | D:1      | Reached XP level 3. HP: 27/29 MP: 3/3
   577 | D:1      | XOM: god gift: 17 sling bullets
   627 | D:1      | XOM: summons 1 hostile demon
   780 | D:1      | XOM: stat loss: -1 Dex (14/15)
   933 | D:2      | Reached skill level 4 in Maces & Flails
   980 | D:2      | Noticed Robin
   994 | D:2      | Reached XP level 4. HP: 17/35 MP: 4/4
  1003 | D:2      | HP: 1/35 [something (3)]
  1003 | D:2      | Slain by a goblin

Skill      XL: |  1  2  3 |
---------------+----------+-----
Maces & Flails | 3 4 |  4.4
Fighting       | |  3.0
Armour         | |  1.5
Dodging        | |  0.7

Action                   |  1- 3 |  4- 6 || total
-------------------------+-------+-------++-------
Melee: Mace              |    85 |     9 ||    94
Armor: Leather armour    |    40 |     5 ||    45
Dodge: Dodged            |    53 |    14 ||    67
